 Dungeon Crawl Stone Soup version 0.31-a0-859-g9dce7d3444 (webtiles) character file.

Game seed: 16250611923025155839

2227 croobank the Chiller (level 9, 0/68 HPs)
             Began as a Demonspawn Ice Elementalist on Oct 9, 2023.
             Was an Initiate of Gozag.
             Slain by a centaur
             ... wielding a +0 spear
              (7 damage)
             ... in a bailey.
             The game lasted 00:30:48 (8148 turns).

croobank the Chiller (Demonspawn Ice Elementalist)  Turns: 8148, Time: 00:30:48

Health: 0/68       AC:  3    Str: 10    XL:     9   Next: 14%
Magic:  25/25      EV: 14    Int: 21    God:    Gozag
Gold:   647        SH:  5    Dex: 16    Spells: 11/18 levels left

rFire   + . .        t - +0 spear "Boh Paf" {speed, Str+2}
rCold   + . .        (no shield)
rNeg    + . .        n - +0 leather armour
rPois   +            a - -2 hat of the Alchemist {rElec rPois rF+ rC+ rN+ Will+ rMut rCorr}
rElec   +            c - +0 cloak
rCorr   +            (no gloves)
SInv    .            b - +0 pair of boots
Will    +....        d - amulet of reflection
Stlth   ++++         v - ring of magical power
HPRegen 0.31/turn    (no ring)
MPRegen 0.19/turn

%: reflection, resist mutation
@: on berserk cooldown
A: antennae 1, thin skeletal structure 1, ignite blood 2
a: Renounce Religion, Potion Petition, Call Merchant, Bribe Branch


You were in a bailey.
You worshipped Gozag.
Gozag was pleased with you.
You visited 1 branch of the dungeon, and saw 7 of its levels.
You also visited: Sewer and Bailey.

You collected 714 gold pieces.
You paid 67 gold pieces to Gozag.

Inventory:

Hand Weapons
 f - a +1 short sword
 i - a +0 dagger
 k - a +0 trident
 p - a +0 dagger of venom
 t - the +0 spear "Boh Paf" (weapon) {speed, Str+2}
   (You found it in a sewer)

   Str+2:     It affects your strength (+2).
Missiles
 q - 11 poisoned darts
 y - 2 darts of dispersal
Armour
 a - the -2 hat of the Alchemist (worn) {rElec rPois rF+ rC+ rN+ Will+ rMut rCorr}
   (You acquired it on level 5 of the Dungeon)

   rF+:       It protects you from fire.
   rC+:       It protects you from cold.
   rElec:     It insulates you from electricity.
   rPois:     It protects you from poison rN+: It protects you from negative
   energy.
   Will+:     It increases your willpower.
   rCorr:     It protects you from acid and corrosion.
   rMut:      It protects you from mutation.
 b - a +0 pair of boots (worn)
 c - a +0 cloak (worn)
 n - a +0 leather armour (worn)
Jewellery
 d - an amulet of reflection (around neck)
 s - an amulet of the acrobat
 v - a ring of magical power (left hand)
Wands
 w - a wand of digging (1)
Scrolls
 e - 2 scrolls of poison
 h - a scroll of teleportation
 m - 3 scrolls of fog
 B - a scroll of enchant weapon
Potions
 g - 3 potions of mutation
 j - a potion of brilliance
 o - 3 potions of curing
 x - 2 potions of resistance
 z - a potion of ambrosia {unknown}


   Skills:
 + Level 5.1 Fighting
 + Level 5.2 Dodging
 + Level 5.6 Stealth
 + Level 5.3 Spellcasting
 + Level 6.2 Ice Magic


You had 11 spell levels left.
You knew the following spells:

 Your Spells              Type           Power      Damage    Failure   Level
a - Freeze                Ice            100%       1d10      1%          1
b - Frozen Ramparts       Ice            62%        1d10      3%          3
c - Ozocubu's Armour      Ice            31%        N/A       3%          3

Your spell library contained the following spells:

 Spells                   Type           Power      Damage    Failure   Level
 Blink                    Tloc           10%        N/A       22%         2
 Lesser Beckoning         Tloc           10%        N/A       22%         2
 Momentum Strike          Conj/Tloc      10%        3d8       22%         2
 Poisonous Vapours        Pois/Air       10%        N/A       22%         2
 Sublimation of Blood     Necr           5%         N/A       22%         2
 Wereblood                Tmut           5%         N/A       22%         2
 Summon Ice Beast         Ice/Summ       18%        N/A       36%         4
 Mephitic Cloud           Conj/Pois/Air  5%         N/A       41%         3
 Freezing Cloud           Conj/Ice/Air   7%         6-21      86%         5
 Summon Hydra             Summ           2%         N/A       100%        7


Dungeon Overview and Level Annotations

Branches:
Dungeon (7/15)              Sewer (visited)          Bailey (1/1)
 Temple: D:4-7

Altars:
Dithmenos
Gozag
Makhleb
Qazlal
Ru

Shops:
D:4 =

Annotations:
D:4 3 runed translucent doors, Fractals's ghost, amateur DsRe


Innate Abilities, Weirdness & Mutations

You have a pair of small antennae on your head.
You have a somewhat thin skeletal structure. (Dex +2, Stealth+)
Your demonic aura often causes spilled blood to erupt in flames.


Message History

Reach: t) +0 spear "Boh Paf" {speed, Str+2}
Press: ? - help, Dir - move target, f - you That would be overly suicidal.
Okay, then.
You start resting.
You feel a strong urge to attack something.
You start resting.
You feel your anger nearly subside.
You are no longer berserk.
You are exhausted.
You feel yourself slow down.
You start resting.
Magic restored.
You start resting.
Your transformation is almost over.
An orc is nearby!
An orc is nearby!
You cannot move.
You feel less wooden.
Your +0 cloak unmelds from your body.
The -2 hat of the Alchemist {rElec rPois rF+ rC+ rN+ Will+ rMut rCorr} unmelds from your body.
Your +0 pair of boots unmelds from your body.
Your +0 leather armour unmelds from your body.
The orc shouts!
Things that are here:
7 gold pieces; a +0 trident; a +0 scale mail The orc hits you from afar with a +0 halberd.
* * * LOW HITPOINT WARNING * * *
The orc closely misses you. The orc attacks as it pursues you!
The orc misses you.
Found 18 gold pieces.
The orc barely misses you.
Found 9 gold pieces.
The orc attacks as it pursues you! The orc closely misses you.
The centaur shouts!
The centaur throws a javelin.
The javelin pierces through you!
* * * LOW HITPOINT WARNING * * *
The orc completely misses you.
You feel yourself speed up.
The centaur hits you from afar with a +0 spear!
You die...
Your body crumbles into a pile of gold.

#.≈.≈≈.≈.§.≈.≈≈.≈
#$≈$≈$≈≈...≈≈.≈.≈
#.≈.≈.≈.⌠∩⌠.≈.≈.≈
#.≈.≈.≈..∩..≈.≈.≈
#.≈.≈.≈.⌠∩⌠.≈.≈.≈
#.≈o≈.≈≈...≈≈.≈.≈
#.≈.≈≈.≈...≈.≈≈.≈
#☼≈≈.≈.≈≈.≈≈.≈o≈≈
+○@≈.≈≈.≈.≈.≈≈c≈.
#.....≈≈...≈≈....
#...c..≈≈≈≈≈.....
#≈≈≈≈.....
####≈≈⌠$.. #≈≈≈$.
#≈≈≈≈ ####


You could see a centaur and an orc.

Vanquished Creatures
  Pikel (D:4)
  Sigmund (D:5)
  2 ice beasts
  A black bear (D:7)
  An ogre (D:6)
  4 bullfrogs
  2 scorpions (D:5)
  2 howler monkeys
  5 orc priests
  3 hounds
  2 sleepcaps
  3 iguanas (D:5)
  2 orc wizards
  6 gnolls
  A river rat (D:4)
  13 adders
  A white imp (D:5)
  8 worms
  3 dart slugs
  22 orcs
  15 endoplasms
  14 giant cockroaches
  10 goblins
  7 hobgoblins
  6 kobolds
  12 quokkas
  20 ball pythons
  2 bats
  18 frilled lizards
  7 rats
194 creatures vanquished.

Notes
Turn   | Place    | Note
-------+----------+-------------------------------------------
     0 | D:1      | croobank the Demonspawn Ice Elementalist began the quest
                  | for the Orb.
     0 | D:1      | Reached XP level 1. HP: 13/13 MP: 3/3
   193 | D:1      | Gained mutation: You have a pair of small antennae on your
                  | head. [demonic ancestry]
   193 | D:1      | Reached XP level 2. HP: 19/19 MP: 1/5
   743 | D:1      | You fall into a shaft and drop 1 floor!
  1000 | D:2      | Reached XP level 3. HP: 25/25 MP: 4/6
  1004 | D:2      | Learned a level 3 spell: Frozen Ramparts
  2096 | D:2      | Reached skill level 1 in Fighting
  2159 | D:2      | Reached skill level 4 in Ice Magic
  2159 | D:2      | Reached XP level 4. HP: 31/32 MP: 1/7
  2778 | D:3      | Gained mutation: Your demonic aura sometimes causes spilled
                  | blood to erupt in flames. [demonic ancestry]
  2778 | D:3      | Reached XP level 5. HP: 37/37 MP: 4/9
  2812 | D:3      | Learned a level 3 spell: Ozocubu's Armour
  2903 | D:3      | Found a sacrificial altar of Ru.
  3662 | D:4      | Noticed Pikel
  3662 | D:4      | Noticed a lemure
  3662 | D:4      | Noticed a lemure
  3662 | D:4      | Noticed a lemure
  3662 | D:4      | Noticed a lemure
  3677 | D:4      | Killed Pikel
  3678 | D:4      | Reached XP level 6. HP: 19/47 MP: 1/11
  3678 | D:4      | Gained mutation: You have a somewhat thin skeletal
                  | structure. (Dex +2, Stealth+) [demonic ancestry]
  3678 | D:4      | Reached XP level 7. HP: 21/52 MP: 1/12
  3767 | D:4      | Found an opulent altar of Gozag.
  3769 | D:4      | Found a stormy altar of Qazlal.
  4142 | D:4      | Found Uwium's Jewellery Shop.
  4159 | D:4      | Found a glowing drain.
  4188 | Sewer    | Entered a sewer
  4632 | Sewer    | Reached skill level 5 in Ice Magic
  4841 | Sewer    | Identified the +0 spear "Boh Paf" {speed, Str+2}
  4952 | D:4      | Became a worshipper of Gozag Ym Sagoz the Greedy
  5017 | D:4      | Found a runed translucent gate.
  5018 | D:4      | Found a runed translucent gate.
  5018 | D:4      | Identified the +7 whip "Yfaim" {protect, Will+++ MP+9 Str+4
                  | Dex-4}
  5018 | D:4      | Identified the +0 chain mail of Wufuz {rElec}
  5019 | D:4      | Found a runed translucent gate.
  5019 | D:4      | Identified the +2 chain mail of the Quick God {rC+ Dex+3
                  | SInv Stlth-}
  5023 | D:4      | Noticed Fractals's ghost (amateur DsRe)
  5164 | D:4      | Found a shadowy altar of Dithmenos.
  5375 | D:5      | Entered Level 5 of the Dungeon
  5409 | D:5      | Gained mutation: Your demonic aura often causes spilled
                  | blood to erupt in flames. [demonic ancestry]
  5409 | D:5      | Reached XP level 8. HP: 60/60 MP: 10/14
  6069 | D:5      | Noticed Sigmund
  6078 | D:5      | Killed Sigmund
  6101 | D:5      | Reached skill level 5 in Stealth
  6219 | D:5      | Identified a scroll of acquirement
  6219 | D:5      | Acquired the -2 hat of the Alchemist {rElec rPois rF+ rC+
                  | rN+ Will+ rMut rCorr}
  6219 | D:5      | Found the -2 hat of the Alchemist {rElec rPois rF+ rC+ rN+
                  | Will+ rMut rCorr}
  7075 | D:6      | Reached skill level 5 in Spellcasting
  7589 | D:7      | Reached skill level 5 in Dodging
  7589 | D:7      | Reached skill level 6 in Ice Magic
  7644 | D:7      | Reached XP level 9. HP: 27/67 MP: 3/16
  7776 | D:7      | Reached skill level 5 in Fighting
  7980 | D:7      | Found a burning altar of Makhleb.
  8044 | D:7      | Found a flagged portal.
  8071 | Bailey   | Entered a bailey
  8148 | Bailey   | Slain by a centaur

Illustrated notes

Levels and vault maps discovered:
D:1:      dpeg_arrival_renting, layout_rooms, nicolae_wormholes
D:2:      layout_basic
D:3:      layout_basic, elyvilon_altar_3, nicolae_ru_awakened_eye
D:4:      layout_basic, jmf_multi_god_temple, general_overflow_altar,
          portal_sewer_entry_a, biasface_ghost_orc_armoury, serial_shops, shop,
          nicolae_ossuary_entry_false_entrances, uniq_pikel
D:5:      layout_basic, uniq_sigmund
D:6:      layout_basic
D:7:      layout_basic, kennysheep_mini_moat, minmay_temple_entry_fiery,
          lightli_bailey_entry_fortress
Bailey:   bailey_polearm_flooded_kennysheep, bailey

Skill      XL: |  1  2  3  4  5  6  7  8  9 |
---------------+----------------------------+-----
Stealth        | 2 3 4 5 |  5.6
Dodging        | 2 3 4 5 |  5.2
Fighting       | 1 3 4 5 |  5.1
Ice Magic      | 4 5 6 |  6.2
Spellcasting   | 3 4 5 |  5.3

Action                     |  1- 3 |  4- 6 |  7- 9 || total
---------------------------+-------+-------+-------++-------
  Melee: Unarmed           |     3 |       |       ||     3
         Short sword       |    32 |    55 |    20 ||   107
         Punch             |     1 |     1 |     6 ||     8
         Dagger            |       |       |    94 ||    94
         Spear             |       |       |   266 ||   266
   Cast: Freeze            |    46 |     7 |     6 ||    59
         Frozen Ramparts   |    10 |    14 |    43 ||    67
         Ozocubu's Armour  |       |     2 |    15 ||    17
  Evoke: Wand              |       |       |     1 ||     1
    Use: Scroll            |     3 |     4 |     9 ||    16
         Potion            |     1 |       |     3 ||     4
   Stab: Sleeping          |     4 |     1 |    15 ||    20
         Distracted        |       |       |     2 ||     2
 Armour: Robe              |    41 |    30 |    79 ||   150
         Leather armour    |       |       |    61 ||    61
         Skin              |       |       |    22 ||    22
  Dodge: Dodged            |    42 |    44 |   200 ||   286
  Block: Other             |       |       |    58 ||    58
         Reflection        |       |       |     1 ||     1

Table legend: (Time is in decaauts)
 A = Elapsed time spent in this place.
 B = Non-inter-level travel time spent in this place.
 C = Inter-level travel time spent in this place.
 D = Time resting spent in this place.
 E = Time spent auto-exploring this place.
 F = Levels seen in this place.
 G = Mean time per level.
                   A        B        C        D        E       F      G
               +--------+--------+--------+--------+--------+-----+--------+
         Total |   8155 |   7886 |    269 |   1641 |   4222 |   9 |  906.1 |
       Dungeon |   7337 |   7068 |    269 |   1487 |   3982 |   7 | 1048.1 |
         Sewer |    737 |    737 |      0 |    128 |    240 |   1 |  737.0 |
        Bailey |     80 |     80 |      0 |     26 |      0 |   1 |   80.0 |
               +--------+--------+--------+--------+--------+-----+--------+

Top non-repeatable levels by time:
     D:2: 1526 daAuts
     D:5: 1410 daAuts
     D:4: 1077 daAuts
     D:1: 1063 daAuts
     D:3: 1031 daAuts
   Sewer: 737 daAuts
     D:6: 728 daAuts
     D:7: 499 daAuts
  Bailey: 80 daAuts
